 Dungeon Crawl Stone Soup version 0.31-a0-963-ga325b2283a (webtiles) character file.

Game seed: 13455802952080808626

856 pokeman the Thaumaturge (level 7, 0/40 HPs)
             Began as a Deep Elf Hedge Wizard on Oct 25, 2023.
             Was a Follower of Vehumet.
             Killed by nerve-wracking pain
             ... invoked by a shadow imp
              (8 damage)
             ... on level 6 of the Dungeon.
             The game lasted 00:13:02 (6321 turns).

pokeman the Thaumaturge (Deep Elf Hedge Wizard)     Turns: 6321, Time: 00:13:03

Health: 0/40       AC:  4    Str:  7    XL:     7   Next: 70%
Magic:  6/21       EV: 13    Int: 21    God:    Vehumet [*.....]
Gold:   269        SH:  0    Dex: 14    Spells: 5/23 levels left

rFire   + . .        F - +2 hand axe (venom)
rCold   . . .        (no shield)
rNeg    . . .        b - +0 robe
rPois   .            m - +0 helmet
rElec   .            (no cloak)
rCorr   .            q - +0 pair of gloves
SInv    .            (no boots)
Will    .....        D - amulet of regeneration
Stlth   ++           o - ring of protection from fire
HPRegen 1.06/turn    (no ring)
MPRegen 0.17/turn

%: no passive effects
@: no status effects
A: no striking features
a: Renounce Religion


You were on level 6 of the Dungeon.
You worshipped Vehumet.
Vehumet was aware of your devotion.
You visited 1 branch of the dungeon, and saw 6 of its levels.
You also visited: Sewer.

You collected 269 gold pieces.

Inventory:

Hand Weapons
 s - a +2 whip of electrocution
 F - a +2 hand axe of venom (weapon)
Armour
 b - a +0 robe (worn)
 m - a +0 helmet (worn)
 q - a +0 pair of gloves (worn)
Jewellery
 o - a ring of protection from fire (left hand)
 D - an amulet of regeneration (around neck)
Wands
 r - a wand of polymorph (3)
 C - a wand of light (10)
Scrolls
 c - a scroll of acquirement {unknown}
 e - 2 scrolls of fog {unknown}
 f - 5 scrolls of identify {unknown}
 h - 2 scrolls of enchant armour {unknown}
 j - a scroll of brand weapon {unknown}
 l - 4 scrolls of teleportation {unknown}
 p - 2 scrolls of torment {unknown}
 t - 2 scrolls of immolation {unknown}
 w - 3 scrolls of fear {unknown}
 x - 3 scrolls of silence {unknown}
 E - a scroll of blinking {unknown}
Potions
 a - a potion of mutation {unknown}
 d - a potion of magic
 g - a potion of attraction {unknown}
 i - a potion of might {unknown}
 k - 3 potions of degeneration {unknown}
 n - 3 potions of haste {unknown}
 u - 4 potions of invisibility {unknown}
 v - a potion of experience {unknown}
 z - 2 potions of enlightenment {unknown}
 A - a potion of berserk rage {unknown}
 B - a potion of ambrosia {unknown}


   Skills:
 - Level 2.0 Fighting
 + Level 1.7 Armour
 - Level 3.0 Dodging
 - Level 3.0 Stealth
 * Level 8.6 Spellcasting
 + Level 4.3 Conjurations
 - Level 1.1 Summonings
 - Level 1.1 Translocations
 + Level 1.7 Fire Magic
 - Level 1.2 Air Magic
 - Level 1.2 Poison Magic
 - Level 1.0 Evocations


You had 5 spell levels left.
You knew the following spells:

 Your Spells              Type           Power      Damage    Failure   Level
a - Magic Dart            Conj           100%       1d8       1%          1
b - Mephitic Cloud        Conj/Pois/Air  18%        N/A       9%          3
c - Call Imp              Summ           26%        N/A       7%          2
d - Blink                 Tloc           26%        N/A       7%          2
e - Iskenderun's Battles  Conj           27%        2d8       34%         5
f - Fireball              Conj/Fire      11%        3d7       52%         5

Your spell library contained the following spells:

 Spells                   Type           Power      Damage    Failure   Level
 Freeze                   Ice            36%        1d5       8%          1
 Slow                     Hex            36%        N/A       8%          1
 Cigotuvi's Dreadful Rot  Necr/Pois/Air  24%        N/A       9%          2
 Brom's Barrelling Bould  Conj/Erth      18%        2d4       30%         4
 Conjure Ball Lightning   Conj/Air       10%        3x3d6     98%         6
 Orb of Destruction       Conj           13%        9d7       100%        7


Dungeon Overview and Level Annotations

Branches:
Dungeon (6/15)             Temple (0/1) D:5           Sewer (visited)

Altars:
Elyvilon
Hepliaklqana
Okawaru
Ru
Vehumet
Yredelemnul


Message History

The bullfrog is engulfed in noxious fumes.
The bullfrog appears confused.
Casting: Mephitic Cloud (dangerous; 9% risk of failure)
Confirm with . or Enter, or press ? or * to list all spells.
A tiny devil pulls itself out of the air.
The shadow imp hits you.
* * * LOW HITPOINT WARNING * * *
Unknown command.
Casting: Call Imp (safe; 7% risk of failure)
Confirm with . or Enter, or press ? or * to list all spells.
Aiming: Magic Dart (safe; 1% risk of failure)
Press: ? - help, Shift-Dir - straight line, f/p - bullfrog
Aim: a bullfrog (confused, 100% to hit)
The magic dart hits the shadow imp.
The shadow imp is lightly wounded.
The bullfrog is engulfed in noxious fumes.
The bullfrog appears confused.
Your cerulean imp completely misses the shadow imp.
The shadow imp hits you but does no damage.
Casting: Magic Dart (safe; 1% risk of failure)
Confirm with . or Enter, or press ? or * to list all spells.
Aiming: Magic Dart (safe; 1% risk of failure)
Press: ? - help, Shift-Dir - straight line, f/p - bullfrog
Aim: a bullfrog (confused, 100% to hit)
The magic dart hits the bullfrog.
The bullfrog is lightly wounded.
Your cerulean imp closely misses the shadow imp.
The shadow imp hits you.
* * * LOW HITPOINT WARNING * * *
Casting: Magic Dart (safe; 1% risk of failure)
Confirm with . or Enter, or press ? or * to list all spells.
Aiming: Magic Dart (safe; 1% risk of failure)
Press: ? - help, Shift-Dir - straight line, f - shadow imp, p - bullfrog
Aim: a shadow imp (lightly wounded, ally target, 100% to hit)
The magic dart hits the shadow imp!
The shadow imp is severely wounded.
Your cerulean imp barely misses the shadow imp.
The shadow imp gestures at you. Pain shoots through your body!
You die...

#########
#.......# .
#....5..# ..
#......@# ..
#.....°5# .#
#..[$.F)# #'###'
#.......##......
#...............
#.......o.......
#.......##...##.
#..$.<..######
#...)........#


You could see a bullfrog (confused), an orc wizard (confused), a shadow imp
(ally target) and a friendly cerulean imp (summoned).

Vanquished Creatures
  A sky beast (D:6)
  A black bear (D:4)
  2 bullfrogs (Sewer)
  A hound (D:5)
  An iguana (D:5)
  2 orc wizards (D:5)
  12 gnolls
  6 adders
  6 river rats
  A white imp (D:5)
  A worm (D:3)
  4 dart slugs
  25 orcs
  8 endoplasms
  7 giant cockroaches
  11 goblins
  14 hobgoblins
  7 jackals (D:1)
  6 quokkas
  14 ball pythons
  8 bats
  11 frilled lizards
  8 kobolds
  38 rats
195 creatures vanquished.

Notes
Turn   | Place    | Note
-------+----------+-------------------------------------------
     0 | D:1      | pokeman the Deep Elf Hedge Wizard began the quest for the
                  | Orb.
     0 | D:1      | Reached XP level 1. HP: 10/10 MP: 7/7
   180 | D:1      | Reached XP level 2. HP: 6/16 MP: 0/9
   568 | D:1      | Reached skill level 5 in Spellcasting
   759 | D:1      | Reached XP level 3. HP: 20/20 MP: 8/11
   763 | D:1      | Learned a level 3 spell: Mephitic Cloud
   766 | D:1      | Learned a level 2 spell: Call Imp
   769 | D:1      | Learned a level 2 spell: Blink
  1653 | D:2      | Reached skill level 1 in Armour
  1676 | D:2      | Reached skill level 1 in Fighting
  2296 | D:3      | Reached XP level 4. HP: 17/25 MP: 4/13
  2441 | D:3      | Found a large runed translucent door.
  2441 | D:3      | Found a large runed translucent door.
  2515 | D:3      | Found a sacrificial altar of Ru.
  2552 | D:3      | Found a hazy altar of Hepliaklqana.
  2830 | D:3      | Found a glowing drain.
  2834 | Sewer    | Entered a sewer
  2914 | Sewer    | Reached skill level 6 in Spellcasting
  2914 | Sewer    | Reached XP level 5. HP: 17/29 MP: 2/15
  3302 | Sewer    | Reached skill level 1 in Evocations
  3614 | Sewer    | Reached skill level 1 in Air Magic
  3614 | Sewer    | Reached skill level 1 in Poison Magic
  3614 | Sewer    | Reached XP level 6. HP: 10/34 MP: 3/17
  3622 | Sewer    | Reached skill level 7 in Spellcasting
  4809 | D:4      | Reached XP level 7. HP: 35/39 MP: 12/20
  5112 | D:4      | Found a basalt altar of Yredelemnul.
  5260 | D:4      | Found a white marble altar of Elyvilon.
  5290 | D:5      | Entered Level 5 of the Dungeon
  5403 | D:5      | Learned a level 5 spell: Iskenderun's Battlesphere
  5409 | D:5      | Learned a level 5 spell: Fireball
  5567 | D:5      | Reached skill level 8 in Spellcasting
  5731 | D:5      | Found a radiant altar of Vehumet.
  5753 | D:5      | Became a worshipper of Vehumet
  5912 | D:5      | Reached skill level 1 in Fire Magic
  6082 | D:5      | Found an iron altar of Okawaru.
  6183 | D:5      | Reached * piety under Vehumet
  6183 | D:5      | Offered knowledge of Freeze by Vehumet.
  6184 | D:5      | Found a staircase to the Ecumenical Temple.
  6321 | D:6      | Killed from afar by a shadow imp

Illustrated notes

Levels and vault maps discovered:
D:1:      lemuel_arrival_behind_the_door_small, layout_basic,
          grunt_decor_one_mirror, nicolae_figureground_sparkle
D:2:      layout_basic, minmay_misc_feat_doors
D:3:      layout_basic, jmf_multi_god_temple2, gup_sewer_entry_bowl,
          minmay_misc_feat_rugged, chequers_serial_rivers_large_b
D:4:      layout_cave_pools, kennysheep_ying_yang
D:5:      corexii_shantytown, layout_rooms, fiery_altar_vehumet,
          mainiacjoe_overflow_small_starburst,
          minmay_temple_entry_statues_pillars
D:6:      layout_gridville

Skill      XL: |  1  2  3  4  5  6  7 |
---------------+----------------------+-----
Spellcasting   | 5 6 7 8 |  8.6
Armour         | 1 |  1.7
Conjurations   | 2 3 4 |  4.3
Fighting       | 1 2 |  2.0
Stealth        | 3 |  3.0
Dodging        | 3 |  3.0
Evocations     | 1 |  1.0
Air Magic      | 1 |  1.2
Poison Magic   | 1 |  1.2
Fire Magic     | 1 |  1.7
Summonings     | |  1.1
Translocations | |  1.1

Action                     |  1- 3 |  4- 6 |  7- 9 || total
---------------------------+-------+-------+-------++-------
  Melee: Dagger            |    22 |    17 |       ||    39
         Whip              |       |    63 |       ||    63
         Hand axe          |       |       |    39 ||    39
         Trident           |       |       |    12 ||    12
         Punch             |       |       |     1 ||     1
   Cast: Magic Dart        |   120 |   179 |    61 ||   360
         Mephitic Cloud    |       |     8 |     8 ||    16
         Blink             |       |       |     2 ||     2
         Call Imp          |       |       |     1 ||     1
    Use: Potion            |       |     1 |       ||     1
   Stab: Sleeping          |       |     1 |     1 ||     2
         Confused          |       |     1 |     4 ||     5
 Armour: Robe              |    20 |    66 |    39 ||   125
  Dodge: Dodged            |    40 |    83 |    36 ||   159

Table legend: (Time is in decaauts)
 A = Elapsed time spent in this place.
 B = Non-inter-level travel time spent in this place.
 C = Inter-level travel time spent in this place.
 D = Time resting spent in this place.
 E = Time spent auto-exploring this place.
 F = Levels seen in this place.
 G = Mean time per level.
                   A        B        C        D        E       F      G
               +--------+--------+--------+--------+--------+-----+--------+
         Total |   6435 |   6261 |    174 |     59 |   4912 |   7 |  919.3 |
       Dungeon |   5458 |   5284 |    174 |     59 |   4117 |   6 |  909.7 |
         Sewer |    976 |    976 |      0 |      0 |    795 |   1 |  976.0 |
               +--------+--------+--------+--------+--------+-----+--------+

Top non-repeatable levels by time:
     D:3: 1448 daAuts
     D:1: 1412 daAuts
     D:5: 1016 daAuts
   Sewer: 976 daAuts
     D:2: 833 daAuts
     D:4: 719 daAuts
     D:6: 28 daAuts
